 Dungeon Crawl Stone Soup version 0.29-a0-283-ga02f740833 (webtiles) character file.

Game seed: 17929694564849947871

7648 chopper the Protected (level 10, -6/88 HPs)
             Began as a Minotaur Fighter on Mar 13, 2022.
             Was the Champion of Cheibriados.
             Mangled by a cane toad (17 damage)
             ... on level 1 of the Lair of Beasts.
             The game lasted 01:42:57 (9056 turns).

chopper the Protected (Minotaur Fighter)            Turns: 9056, Time: 01:42:58

Health: -6/88      AC: 25    Str: 38    XL:     10   Next: 99%
Magic:  10/10      EV: 11    Int: 20    God:    Cheibriados [******]
Gold:   401        SH:  0    Dex: 27    Spells: 10/10 levels left

rFire   . . .      SeeInvis .   y - +2 triple sword (protect)
rCold   . . .      Faith    .   (shield currently unavailable)
rNeg    . . .      Spirit   .   o - +0 crystal plate armour
rPois   .          Reflect  .   (helmet unavailable)
rElec   .          Harm     .   (no cloak)
rCorr   .          Rampage  .   w - +0 pair of gloves
Will    .....                   l - +0 pair of boots
Stlth   ..........              f - amulet of the acrobat
HPRegen 0.24/turn               (no ring)
MPRegen 0.12/turn               (no ring)

@: very slow
A: horns 3, retaliatory headbutt, iridescent scales 1
a: Renounce Religion, Bend Time, Temporal Distortion, Slouch, Step From Time


You were on level 1 of the Lair of Beasts.
You worshipped Cheibriados.
Cheibriados was exalted by your worship.
You visited 3 branches of the dungeon, and saw 10 of its levels.
You also visited: Bailey.

You collected 401 gold pieces.

Inventory:

Hand Weapons
 e - a +4 short sword
 y - a +2 triple sword of protection (weapon)
Missiles
 h - 11 poisoned darts
 m - 11 javelins
 n - 5 atropa-tipped darts
Armour
 c - a +0 buckler
 l - a +0 pair of boots (worn)
 o - a +0 crystal plate armour (worn)
 w - a +0 pair of gloves (worn)
Jewellery
 f - an amulet of the acrobat (around neck)
 s - an amulet of reflection
Wands
 b - a wand of flame (12)
 g - a wand of charming (1) (quivered)
Scrolls
 i - 2 scrolls of noise
 k - 2 scrolls of identify
 p - 3 scrolls of teleportation
Potions
 d - 3 potions of might
 j - 4 potions of curing
 q - a potion of flight
 r - a potion of brilliance
 x - a potion of ambrosia
Miscellaneous
 t - a piece from Xom's chessboard (15/15)


   Skills:
 + Level 7.9 Fighting
 + Level 6.5(7.7) Short Blades
 + Level 6.9(8.3) Long Blades
 + Level 2.8(3.3) Axes
 + Level 1.6(2.8) Maces & Flails
 + Level 1.6(2.8) Polearms
 + Level 1.6(2.3) Staves
 + Level 1.4(2.2) Slings
 + Level 1.4 Bows
 + Level 1.4 Crossbows
 + Level 2.2(2.4) Throwing
 + Level 10.2 Armour
 + Level 4.7 Dodging
 + Level 1.9 Stealth
 + Level 7.9 Shields
 + Level 1.4 Unarmed Combat
 + Level 0.8 Spellcasting
 + Level 0.9 Conjurations
 + Level 0.8 Hexes
 + Level 0.9 Summonings
 + Level 0.9 Necromancy
 + Level 0.9 Translocations
 + Level 1.0 Transmutations
 + Level 1.2 Fire Magic
 + Level 0.9 Ice Magic
 + Level 0.9 Air Magic
 + Level 1.0 Earth Magic
 + Level 0.9 Poison Magic
 + Level 1.4 Invocations
 + Level 1.8 Evocations


You had 10 spell levels left.
You didn't know any spells.
Your spell library contained the following spells:

 Spells                   Type           Power      Damage    Failure   Level
 Animate Skeleton         Necr           8%         N/A       85%         1
 Pain                     Necr           16%        1d4       85%         1
 Static Discharge         Conj/Air       4%         N/A       94%         2
 Gell's Gravitas          Tloc           4%         N/A       99%         3
 Teleport Other           Tloc           4%         N/A       99%         3
 Vampiric Draining        Necr           4%         2d6       99%         3
 Dispel Undead            Necr           4%         3d7       100%        4
 Petrify                  Tmut/Erth      5%         N/A       100%        4
 Sticky Flame             Conj/Fire      5%         2d3       100%        4
 Metabolic Englaciation   Hex/Ice        2%         N/A       100%        5
 Dispersal                Tloc           2%         N/A       100%        6
 Statue Form              Tmut/Erth      3%         N/A       100%        6


Dungeon Overview and Level Annotations

Branches:
Dungeon (8/15)             Temple (1/1) D:6            Lair (1/6) D:8
 Bailey (visited)

Altars:
Ashenzari
Cheibriados
Dithmenos
Elyvilon
Fedhas
Gozag
Hepliaklqana
Qazlal
Ru
Sif Muna
Uskayaw
Vehumet
Wu Jian
Yredelemnul
Zin
The Shining One

Shops:
D:2 [(=(   D:4 *   D:6 !(?


Innate Abilities, Weirdness & Mutations

You have a pair of large horns on your head.
You reflexively headbutt those who attack you in melee.
You are partially covered in iridescent scales. (AC +2)


Message History

The cane toad gives a loud, deep croak!
The black mamba hisses angrily.
The black mamba bites you.
Magic restored.
The black mamba bites you.
The black mamba bites you but does no damage.
The black mamba bites you but does no damage. x3
The black mamba completely misses you. The black mamba bites you.
The cane toad stings you but does no damage.
The black mamba bites you!
* * * LOW HITPOINT WARNING * * *
The cane toad stings you but does no damage.
The black mamba bites you!
* * * LOW HITPOINT WARNING * * *
The cane toad stings you but does no damage.
The black mamba bites you but does no damage. x2
The cane toad stings you.
* * * LOW HITPOINT WARNING * * *
The black mamba bites you but does no damage.
The cane toad stings you. The black mamba bites you!
* * * LOW HITPOINT WARNING * * *
You turn to flesh and can move again.
You start removing your amulet.
You continue taking off your amulet of the acrobat.
The black mamba bites you but does no damage.
The cane toad barely misses you.
The black mamba bites you but does no damage.
You continue taking off your amulet of the acrobat.
You hear the slow rumble of a distant avalanche of rocks.
The black mamba barely misses you.
The cane toad stings you but does no damage.
The black mamba bites you but does no damage.
The cane toad stings you but does no damage.
You continue taking off your amulet of the acrobat.
The black mamba barely misses you. You furiously retaliate!
You headbutt the black mamba! The cane toad barely misses you.
You furiously retaliate!
You headbutt the cane toad.
You continue taking off your amulet of the acrobat.
The black mamba bites you but does no damage. x2
The cane toad stings you!
You die... ..P≈P♣♣ PPP.#

.P≈≈≈♣≈♣≈≈..#
....≈≈≈≈PP..###
.....PPP.......
...............
...............
...............
......S@F......
..............#
...##.###....#.
. ... ......
... ..... .....
...#. .... ..#
.... ..#


You could see a black mamba and a cane toad.

Vanquished Creatures
  A komodo dragon (D:8)
  Sigmund (D:2)
  Menkaure (D:4)
  3 water moccasins
  2 ice beasts
  8 orc warriors
  A sky beast (D:6)
  A black bear (D:6)
  6 centaurs (Bailey)
  2 phantoms
  2 kobold brigands
  A bullfrog (Lair:1)
  A scorpion (D:4)
  A gnoll sergeant (D:8)
  3 wights (D:4)
  An electric eel (Lair:1)
  3 jellies
  A gnoll shaman (D:6)
  An orc priest (D:8)
  2 iguanas (D:4)
  Jessica (D:2)
  Ijyb (D:4)
  3 orc wizards
  Robin (D:2)
  6 gnolls
  6 adders
  A shadow imp (D:6)
  2 white imps
  4 ufetubi
  A worm (D:2)
  6 dart slugs
  28 orcs
  8 ball pythons
  4 bats
  4 endoplasms
  2 giant cockroaches (D:4)
  14 goblins
  12 hobgoblins
  10 kobolds
  3 quokkas
  3 frilled lizards
  2 goblin zombies (D:7)
  4 rats
168 creatures vanquished.

Vanquished Creatures (collateral kills)
  3 orc warriors (Bailey)
  3 centaurs (Bailey)
  A gnoll (D:8)
  4 orcs (Bailey)
11 creatures vanquished.

Vanquished Creatures (others)
  2 fungi (Lair:1)
  4 plants
6 creatures vanquished.

Grand Total: 185 creatures vanquished

Notes
Turn   | Place    | Note
-------+----------+-------------------------------------------
     0 | D:1      | chopper the Minotaur Fighter began the quest for the Orb.
     0 | D:1      | Reached XP level 1. HP: 19/19 MP: 0/0
   310 | D:1      | Reached XP level 2. HP: 27/27 MP: 1/1
   355 | D:1      | Found a faded altar of an unknown god.
   361 | D:1      | Prayed at the altar of an unknown god.
   361 | D:1      | Became a worshipper of Cheibriados the Contemplative
   361 | D:1      | Reached * piety under Cheibriados
   500 | D:1      | Gained mutation: You have a pair of large horns on your
                  | head. [potion of mutation]
   500 | D:1      | Gained mutation: You are partially covered in iridescent
                  | scales. (AC +2) [potion of mutation]
   949 | D:2      | Found Vogruut's Weapon Shoppe.
  1031 | D:2      | Found Selojeup's Weapon Boutique.
  1050 | D:2      | Reached XP level 3. HP: 24/33 MP: 2/2
  1180 | D:2      | Found Oqaclefo's Armour Emporium.
  1205 | D:2      | Noticed Robin
  1212 | D:2      | Reached ** piety under Cheibriados
  1227 | D:2      | Killed Robin
  1228 | D:2      | Reached skill level 4 in Armour
  1334 | D:2      | Noticed Jessica
  1347 | D:2      | Killed Jessica
  1348 | D:2      | Reached XP level 4. HP: 40/40 MP: 3/3
  1463 | D:2      | Found Kagg's Jewellery Shop.
  1640 | D:2      | Identified the +1 robe of Darkness {rElec Dex-3 Slay+5
                  | Archmagi}
  1640 | D:2      | Noticed Sigmund
  1657 | D:2      | Killed Sigmund
  1658 | D:2      | Reached skill level 5 in Long Blades
  1658 | D:2      | Reached skill level 1 in Dodging
  1658 | D:2      | Reached XP level 5. HP: 35/47 MP: 4/4
  1996 | D:3      | Reached *** piety under Cheibriados
  2004 | D:3      | Reached XP level 6. HP: 53/53 MP: 5/5
  2396 | D:4      | Reached skill level 5 in Armour
  2509 | D:4      | Reached skill level 5 in Shields
  2601 | D:4      | Found Vamoxigo's Assorted Antiques.
  2682 | D:4      | Noticed Menkaure
  2689 | D:4      | Killed Menkaure
  2690 | D:4      | Reached XP level 7. HP: 38/60 MP: 2/6
  2861 | D:4      | Noticed Ijyb
  2864 | D:4      | Killed Ijyb
  3002 | D:4      | Reached skill level 5 in Fighting
  3002 | D:4      | Reached skill level 6 in Armour
  3361 | D:4      | Reached **** piety under Cheibriados
  3828 | D:5      | Entered Level 5 of the Dungeon
  4374 | D:5      | Reached skill level 1 in Stealth
  4374 | D:5      | Reached XP level 8. HP: 68/68 MP: 7/7
  4806 | D:6      | Reached skill level 1 in Short Blades
  4863 | D:6      | Reached skill level 7 in Armour
  5136 | D:6      | Found Larezaong's Distillery.
  5138 | D:6      | Found Exyloy's Antique Weapon Shoppe.
  5140 | D:6      | Found Moris's Magic Scroll Emporium.
  5342 | D:6      | Found a staircase to the Ecumenical Temple.
  5351 | Temple   | Entered the Ecumenical Temple
  6564 | D:7      | Reached ***** piety under Cheibriados
  6565 | D:7      | Reached skill level 8 in Armour
  6750 | D:7      | Reached XP level 9. HP: 75/75 MP: 8/8
  6756 | D:7      | Found a flagged portal.
  6786 | Bailey   | Entered a bailey
  7246 | Bailey   | Reached skill level 1 in Throwing
  7279 | Bailey   | Reached skill level 9 in Armour
  7661 | Bailey   | Reached skill level 5 in Short Blades
  8260 | D:7      | Reached ****** piety under Cheibriados
  8585 | D:7      | Upgraded the game from 0.29-a0-275-g389c0b56f3 to
                  | 0.29-a0-283-ga02f740833
  8668 | D:8      | Reached skill level 1 in Evocations
  8749 | D:8      | Reached skill level 1 in Maces & Flails
  8749 | D:8      | Reached skill level 1 in Polearms
  8749 | D:8      | Reached skill level 1 in Staves
  8749 | D:8      | Reached skill level 1 in Slings
  8749 | D:8      | Reached skill level 1 in Bows
  8749 | D:8      | Reached skill level 1 in Crossbows
  8749 | D:8      | Reached skill level 10 in Armour
  8749 | D:8      | Reached skill level 1 in Unarmed Combat
  8749 | D:8      | Reached skill level 1 in Transmutations
  8749 | D:8      | Reached skill level 1 in Fire Magic
  8749 | D:8      | Reached skill level 1 in Earth Magic
  8749 | D:8      | Reached skill level 1 in Invocations
  8749 | D:8      | Reached XP level 10. HP: 88/88 MP: 8/10
  8863 | D:8      | Identified the +0 short sword of Massacring {flame, rElec
                  | rCorr Int+5 Stlth-}
  8886 | D:8      | Found a staircase to the Lair.
  8905 | Lair:1   | Entered Level 1 of the Lair of Beasts
  9044 | Lair:1   | Noticed a cane toad
  9044 | Lair:1   | Noticed a black mamba
  9056 | Lair:1   | Mangled by a cane toad

Illustrated notes

Levels and vault maps discovered:
D:1:      dpeg_arrival_three_bigger_balls, layout_loops_ring,
          dreamdust_ecumenical_altar_angels_and_demons,
          wander_ebering_terrifying_dragon_lair
D:2:      layout_loops_cross, serial_shops, nicolae_square_shop,
          nicolae_square_shop, nicolae_shop_stone, shop, uniq_robin,
          uniq_sigmund, uniq_jessica
D:3:      layout_rooms
D:4:      layout_basic, serial_shops, nicolae_stop_n_shop_1, uniq_ijyb,
          uniq_menkaure, uniq_crazy_yiuf_cottage
D:5:      layout_loops_ring
D:6:      layout_basic, chei_slow_surprise, minmay_temple_entry_junction,
          hellmonk_bongcloud_opening, nicolae_wooded_promenade
D:7:      layout_loops_cross, enter_ossuary_4, enter_bailey_3
D:8:      layout_basic, david_lair_shrubbed, uniq_joseph
Temple:   mainiacjoe_temple_trianglar_array
Lair:1:   layout_regular_city, serial_bayou, serial_bayou_pond_b,
          serial_bayou_lake_a, serial_bayou_crossing, serial_bayou_pond_c,
          nicolae_volcano_entry_s_turn, infiniplex_staircase_pool

Skill      XL: |  1  2  3  4  5  6  7  8  9 |
---------------+----------------------------+-----
Fighting       | 4 5 6 7 |  7.9
Shields        | 4 5 6 7 |  7.9
Long Blades    | 4 5 6 |  6.9
Armour         | 4 5 6 8 10 | 10.2
Dodging        | 1 3 4 |  4.7
Stealth        | 1 |  1.9
Short Blades   | 3 6 |  6.5
Throwing       | 2 |  2.2
Evocations     | 1 |  1.8
Axes           | 2 |  2.8
Maces & Flails | 1 |  1.6
Polearms       | 1 |  1.6
Staves         | 1 |  1.6
Slings         | 1 |  1.4
Bows           | 1 |  1.4
Crossbows      | 1 |  1.4
Unarmed Combat | 1 |  1.4
Transmutations | 1 |  1.0
Fire Magic     | 1 |  1.2
Earth Magic    | 1 |  1.0
Invocations    | 1 |  1.4
Spellcasting   | |  0.8
Conjurations   | |  0.9
Hexes          | |  0.8
Summonings     | |  0.9
Necromancy     | |  0.9
Translocations | |  0.9
Ice Magic      | |  0.9
Air Magic      | |  0.9
Poison Magic   | |  0.9

Action                   |  1- 3 |  4- 6 |  7- 9 | 10-12 || total
-------------------------+-------+-------+-------+-------++-------
Melee: Long sword        |    83 |    90 |    38 |       ||   211
       Headbutt          |    11 |    17 |    58 |     2 ||    88
       Short sword       |       |       |   183 |       ||   183
       Triple sword      |       |       |     3 |    16 ||    19
Throw: Dart              |       |       |    12 |       ||    12
       Throwing net      |       |       |     1 |       ||     1
Invok: Bend Time         |       |     1 |     1 |     1 ||     3
Evoke: Wand              |       |       |    16 |     4 ||    20
  Use: Potion            |     5 |     1 |     9 |       ||    15
       Scroll            |     2 |     4 |     7 |     1 ||    14
Armor: Scale mail        |    36 |    20 |    33 |       ||    89
       Plate armour      |       |       |   139 |       ||   139
       Crystal plate arm |       |       |    11 |    85 ||    96
Dodge: Dodged            |    55 |    65 |   593 |    42 ||   755
Block: Buckler           |    29 |    37 |   206 |       ||   272

Table legend: (Time is in decaauts)
 A = Elapsed time spent in this place.
 B = Non-inter-level travel time spent in this place.
 C = Inter-level travel time spent in this place.
 D = Time resting spent in this place.
 E = Time spent auto-exploring this place.
 F = Levels seen in this place.
 G = Mean time per level.
                   A        B        C        D        E       F      G
               +--------+--------+--------+--------+--------+-----+--------+
         Total |  14570 |  14570 |      0 |    533 |      0 |  11 | 1324.5 |
       Dungeon |  11582 |  11582 |      0 |    178 |      0 |   8 | 1447.8 |
        Temple |    656 |    656 |      0 |      0 |      0 |   1 |  656.0 |
          Lair |    256 |    256 |      0 |      0 |      0 |   1 |  256.0 |
        Bailey |   2075 |   2075 |      0 |    355 |      0 |   1 | 2075.0 |
               +--------+--------+--------+--------+--------+-----+--------+

Top non-repeatable levels by time:
     D:4: 2536 daAuts
     D:6: 2193 daAuts
  Bailey: 2075 daAuts
     D:7: 1614 daAuts
     D:2: 1526 daAuts
     D:1: 1164 daAuts
     D:5: 1054 daAuts
     D:3: 954 daAuts
  Temple: 656 daAuts
     D:8: 537 daAuts
  Lair:1: 256 daAuts
